 Dungeon Crawl Stone Soup version 0.30-a0-219-gf2db51d15e (webtiles) character file.

Game seed: 6045357031129284063

103 BlueGoblin the Conjurer (level 4, -2/24 HPs)
             Began as a Deep Elf Conjurer on Oct 7, 2022.
             Shot with an arrow by a centaur (10 damage)
             ... on level 3 of the Dungeon.
             The game lasted 00:03:57 (2433 turns).

BlueGoblin the Conjurer (Deep Elf Conjurer)         Turns: 2433, Time: 00:04:00

Health: -2/24      AC:  3    Str:  9    XL:     4   Next: 51%
Magic:  9/12       EV: 13    Int: 25    God:
Gold:   142        SH:  5    Dex: 13    Spells: 8/11 levels left

rFire   + . .      SeeInvis .    n - +4 dagger
rCold   . . .      Faith    .    (no shield)
rNeg    . . .      Spirit   .    m - +1 robe "Rinecet" {rF+ Str+5}
rPois   .          Reflect  +    (no helmet)
rElec   .          Harm     .    (no cloak)
rCorr   .          Rampage  .    (no gloves)
Will    .....                    (no boots)
Stlth   ++........               c - amulet of reflection
HPRegen 0.24/turn                (no ring)
MPRegen 0.13/turn                (no ring)

@: no status effects
A: no striking features
a: no special abilities


You were on level 3 of the Dungeon.
You visited 1 branch of the dungeon, and saw 3 of its levels.

You collected 142 gold pieces.

Inventory:

Hand Weapons
 h - a +1 quarterstaff
 n - a +4 dagger (weapon)
Armour
 a - a +0 robe
 m - the +1 robe "Rinecet" (worn) {rF+ Str+5}
   (You found it on level 2 of the Dungeon)

   Str:       It affects your strength (+5).
   rF:        It protects you from fire.
Jewellery
 c - an amulet of reflection (around neck)
Wands
 s - a wand of roots (9)
Scrolls
 g - a scroll of acquirement {unknown}
 i - 3 scrolls of identify
 j - a scroll of vulnerability {unknown}
 k - 2 scrolls of blinking {unknown}
 l - a scroll of immolation {unknown}
 t - a scroll of noise {unknown}
 u - a scroll of fear {unknown}
 v - a scroll of magic mapping {unknown}
 w - a scroll of poison {unknown}
Potions
 b - a potion of magic
 d - a potion of curing
 e - a potion of brilliance {unknown}
 f - a potion of attraction {unknown}
 o - a potion of ambrosia {unknown}
 p - 2 potions of heal wounds {unknown}
 q - a potion of haste {unknown}
 r - a potion of might {unknown}


   Skills:
 + Level 3.1 Dodging
 - Level 2.4 Stealth
 + Level 4.1 Spellcasting
 + Level 5.8 Conjurations


You had 8 spell levels left.
You knew the following spells:

 Your Spells              Type           Power      Damage    Failure   Level
a - Searing Ray           Conj           68%        2d6       1%          2
q - Magic Dart            Conj           100%       1d8       1%          1

Your spell library contained the following spells:

 Spells                   Type           Power      Damage    Failure   Level
 Dazzling Flash           Conj/Hex       38%        N/A       9%          3
 Fulminant Prism          Conj/Hex       9%         3d7       26%         4
 Iskenderun's Mystic Bla  Conj/Tloc      19%        2d6       26%         4
 Summon Ice Beast         Ice/Summ       5%         N/A       65%         4
 Summon Mana Viper        Hex/Summ       5%         N/A       94%         5
 Monstrous Menagerie      Summ           2%         N/A       100%        7


Dungeon Overview and Level Annotations

Branches:
Dungeon (3/15)

Altars:

Shops:
D:1 [

Portals:
Sewer: D:3


Message History

HP restored.
You hear the slow rusting of a distant drain.
You hear the rusting of a drain very nearby.
t - a scroll labelled LUUPPI XELLAE
k - 2 scrolls labelled CIESCH JEOM FUC (gained 1)
Found a glowing drain.
There is a stone staircase leading up here.
u - a scroll labelled BINKOW XACIAQ
v - a scroll labelled HYKURIE DAFIEX
w - a scroll labelled BYOXAT MIRECSY
Found a stone staircase leading up.
There is a stone staircase leading up here.
Found a ring mail.
You hear the rusting of a drain very nearby.
Found 6 stones.
A kobold comes into view. It is wielding a +0 short sword.
The kobold shouts!
The kobold throws a stone.
You reflect the stone off an invisible shield around you!
The stone closely misses the kobold.
A kobold is nearby!
A kobold is nearby!
The magic dart hits the kobold.
The kobold is severely wounded.
The magic dart hits the kobold.
You kill the kobold!
You can't see any susceptible monsters within range! (Use Z to cast anyway.)
You can't see any susceptible monsters within range! (Use Z to cast anyway.)
You can't see any susceptible monsters within range! (Use Z to cast anyway.)
A centaur comes into view.
A centaur is nearby!
A centaur is nearby!
The magic dart hits the centaur.
The centaur is lightly wounded.
The centaur shouts!
The centaur wields a +0 shortbow.
The centaur shoots an arrow.
The arrow hits you!
Ouch! That really hurt!
The centaur shoots an arrow.
The arrow hits you!
You die...

.... ..###. #.....
c .....# .) ###...
... .(.. # .....##
## ......:##### .#
#.@...##### ..#
........####..[..#
#.... #.######
##....# ###.#..#
###....# #....#~~
#......# ##....#S∩
#...###.##
###.....#S #.##
#.# ##......# ..
#.# ........#+## .
#.#


You could see a centaur.

Vanquished Creatures
  Ijyb (D:3)
  An adder (D:2)
  2 worms (D:2)
  4 dart slugs
  3 ball pythons
  5 bats
  5 endoplasms
  4 giant cockroaches
  6 goblins
  4 hobgoblins
  5 kobolds
  4 quokkas
  2 frilled lizards
  5 rats
51 creatures vanquished.

Notes
Turn   | Place    | Note
-------+----------+-------------------------------------------
     0 | D:1      | BlueGoblin the Deep Elf Conjurer began the quest for the
                  | Orb.
     0 | D:1      | Reached XP level 1. HP: 10/10 MP: 6/6
   184 | D:1      | Found Gaci's Armour Shop.
   249 | D:1      | Reached XP level 2. HP: 15/15 MP: 5/8
   252 | D:1      | Learned a level 2 spell: Searing Ray
   389 | D:1      | Reached skill level 5 in Conjurations
   857 | D:1      | Reached XP level 3. HP: 17/19 MP: 5/9
  1541 | D:2      | Identified the +1 robe "Rinecet" {rF+ Str+5}
  1630 | D:2      | Found a faded altar of an unknown god.
  1805 | D:2      | Reached XP level 4. HP: 24/24 MP: 9/11
  2228 | D:3      | Noticed Ijyb
  2246 | D:3      | Killed Ijyb
  2381 | D:3      | Found a glowing drain.
  2432 | D:3      | Noticed a centaur
  2433 | D:3      | Shot with an arrow by a centaur

Illustrated notes

Levels and vault maps discovered:
D:1:      minmay_arrival_glassed_features, layout_loops_ring, serial_shops, shop
D:2:      layout_loops_ring, shapermc_ecumenical_altar_mp_vishouse,
          minmay_tree_intersection, kennysheep_generic_room_13
D:3:      layout_rooms, tso_oasis_becter, mainiacjoe_overflow_two_lobes,
          mainiacjoe_overflow_catwalk, portal_sewer_entry_c, kennysheep_donut,
          uniq_robin, uniq_ijyb

Skill      XL: |  1  2  3  4 |
---------------+-------------+-----
Conjurations   | 5 |  5.8
Dodging        | 3 |  3.1
Spellcasting   | 4 |  4.1
Stealth        | |  2.4

Action                   |  1- 3 |  4- 6 || total
-------------------------+-------+-------++-------
Melee: Dagger            |       |     7 ||     7
 Cast: Magic Dart        |    77 |    19 ||    96
       Searing Ray       |     2 |     2 ||     4
  Use: Scroll            |     3 |       ||     3
Armor: Robe              |     1 |     1 ||     2
Dodge: Dodged            |     9 |     5 ||    14
Block: Other             |       |     5 ||     5
       Reflection        |       |     1 ||     1

Table legend: (Time is in decaauts)
 A = Elapsed time spent in this place.
 B = Non-inter-level travel time spent in this place.
 C = Inter-level travel time spent in this place.
 D = Time resting spent in this place.
 E = Time spent auto-exploring this place.
 F = Levels seen in this place.
 G = Mean time per level.
                   A        B        C        D        E       F      G
               +--------+--------+--------+--------+--------+-----+--------+
         Total |   2431 |   2349 |     82 |      0 |   2077 |   3 |  810.3 |
       Dungeon |   2431 |   2349 |     82 |      0 |   2077 |   3 |  810.3 |
               +--------+--------+--------+--------+--------+-----+--------+

Top non-repeatable levels by time:
     D:2: 1193 daAuts
     D:1: 936 daAuts
     D:3: 301 daAuts
